EL
RICHMOND FLYING SQUIRRELS @ NEW HAMPSHIRE FISHER CATS
09/01/2098
 
TOP OF THE 1ST
Richmond Flying Squirrels batting - Pitching for New Hampshire Fisher Cats : LHP Fernando Iglesias
Pitching: LHP Fernando Iglesias
Batting: RHB Brendan Morris 0-0: Foul Ball, location: 9LMF
0-1: Swinging Strike
0-2: Foul Ball, location: 9LSF
0-2: Strikes out swinging
Batting: RHB Dusty Sorenson 0-0: Called Strike
0-1: Foul Ball, location: 9LDF
0-2: Ball
1-2: Ball
2-2: Foul Ball, location: 2F
2-2: Fly out, F9 (Flyball, 9S, EV 88.8 MPH)
Batting: LHB Marcos Iniguez 0-0: Ball
1-0: Ground out 6-3 (Groundball, 4MS, EV 70.6 MPH)
Top of the 1st over - 0 runs, 0 hits, 0 errors, 0 left on base; Richmond 0 - New Hampshire 0
BOTTOM OF THE 1ST
New Hampshire Fisher Cats batting - Pitching for Richmond Flying Squirrels : RHP Joe Novinger
Pitching: RHP Joe Novinger
Batting: LHB Dan Richins 0-0: Swinging Strike
0-1: Swinging Strike
0-2: Ball
1-2: Foul Ball, location: 3FF
1-2: Ball
2-2: Strikes out swinging
Batting: RHB Walt Baranyi 0-0: Foul Ball, location: 2F
0-1: Ball
1-1: Ball
2-1: Foul Ball, location: 5FF
2-2: Foul Ball, location: 9LMF
2-2: Foul Ball, location: 2F
2-2: Ball
3-2: Fly out, F7 (Flyball, 78M, EV 95.6 MPH)
Batting: LHB Kevin Winter 0-0: Fly out, F7 (Flyball, 78M, EV 83.1 MPH)
Bottom of the 1st over - 0 runs, 0 hits, 0 errors, 0 left on base; Richmond 0 - New Hampshire 0
TOP OF THE 2ND
Richmond Flying Squirrels batting - Pitching for New Hampshire Fisher Cats : LHP Fernando Iglesias
Batting: LHB Josh Layne 0-0: Swinging Strike
0-1: Ball
1-1: Ball
2-1: SINGLE (Line Drive, 8LS, EV 98.8 MPH)
Batting: RHB Craig Knopp 0-0: Called Strike
0-1: Ball
1-1: Fly out, F8 (Flyball, 8RS, EV 83.8 MPH)
Batting: LHB Eric Binder 0-0: Ball
1-0: Ball
2-0: Foul Ball, location: 2F
2-1: Foul Ball, location: 2F
2-2: SINGLE (Line Drive, 7S, EV 96.3 MPH)
Josh Layne to second
Batting: RHB Kevin Berry 0-0: Ball
1-0: Foul Ball, location: 2F
1-1: Called Strike
1-2: SINGLE (Groundball, 6MD, EV 105.0 MPH)
Josh Layne to third
Eric Binder to second
Runner from 3rd tries for Home, SAFE, throw by CF to home
Batting: LHB Sergio Bravo 0-0: Ball
1-0: Swinging Strike
1-1: TRIPLE (Line Drive, 9LD, EV 110.6 MPH)
Eric Binder scores
Kevin Berry scores
Batting: RHB Alex Vasquez 0-0: Called Strike
0-1: Ball
1-1: Called Strike
1-2: Foul Ball, location: 2F
1-2: Strikes out swinging
Batting: RHB Brendan Morris 0-0: Ball
1-0: Ball
2-0: Called Strike
2-1: Foul Ball, location: 7LMF
2-2: Fly out, F8 (Flyball, 8LS, EV 84.4 MPH)
Top of the 2nd over - 3 runs, 4 hits, 0 errors, 1 left on base; Richmond 3 - New Hampshire 0
BOTTOM OF THE 2ND
New Hampshire Fisher Cats batting - Pitching for Richmond Flying Squirrels : RHP Joe Novinger
Batting: RHB Justin Marquez 0-0: Foul Ball, location: 3F
0-1: Ball
1-1: Called Strike
1-2: Ball
2-2: Ball
3-2: Ground out 4-3 (Groundball, 4, EV 89.4 MPH)
Batting: RHB Nick Stafford 0-0: Called Strike
0-1: Ball
1-1: Ground out 5-3 (Groundball, 5L, EV 91.3 MPH)
Batting: SHB Jasper Raucci 0-0: Foul Ball, location: 2F
0-1: Ball
1-1: Fly out, F8 (Flyball, 8RM, EV 88.1 MPH)
Bottom of the 2nd over - 0 runs, 0 hits, 0 errors, 0 left on base; Richmond 3 - New Hampshire 0
TOP OF THE 3RD
Richmond Flying Squirrels batting - Pitching for New Hampshire Fisher Cats : LHP Fernando Iglesias
Batting: RHB Dusty Sorenson 0-0: Fly out, F7 (Flyball, 7, EV 93.8 MPH)
Batting: LHB Marcos Iniguez 0-0: Ball
1-0: Ground out U3 (Groundball, 34, EV 108.8 MPH)
Batting: LHB Josh Layne 0-0: Ball
1-0: Swinging Strike
1-1: Foul Ball, location: 5F
1-2: Ball
2-2: Strikes out looking
Top of the 3rd over - 0 runs, 0 hits, 0 errors, 0 left on base; Richmond 3 - New Hampshire 0
BOTTOM OF THE 3RD
New Hampshire Fisher Cats batting - Pitching for Richmond Flying Squirrels : RHP Joe Novinger
Batting: LHB Josh Rose 0-0: Called Strike
0-1: Swinging Strike
0-2: Ball
1-2: Strikes out swinging
Batting: LHB Bill Goss 0-0: Called Strike
0-1: Ball
1-1: Ball
2-1: Foul Ball, location: 5FF
2-2: Ground out 6-3 (Groundball, 56, EV 91.9 MPH)
Batting: RHB Jim Unknown 0-0: Ball
1-0: Called Strike
1-1: Ball
2-1: Ball
3-1: Swinging Strike
3-2: Strikes out swinging, 2-3 out at first.
Bottom of the 3rd over - 0 runs, 0 hits, 0 errors, 0 left on base; Richmond 3 - New Hampshire 0
TOP OF THE 4TH
Richmond Flying Squirrels batting - Pitching for New Hampshire Fisher Cats : LHP Fernando Iglesias
Batting: RHB Craig Knopp 0-0: Ball
1-0: Foul Ball, location: 9LMF
1-1: Ball
2-1: Foul Ball, location: 9LSF
2-2: Strikes out swinging
Batting: LHB Eric Binder 0-0: Fly out, F9 (Flyball, 9S, EV 66.9 MPH)
Batting: RHB Kevin Berry 0-0: SINGLE (Line Drive, 6MD, EV 104.4 MPH)
Batting: LHB Sergio Bravo 0-0: Ball
1-0: Swinging Strike
1-1: Ball
2-1: Swinging Strike
2-2: SINGLE (Groundball, 34D, EV 102.5 MPH)
Kevin Berry to second
Runner from 2nd tries for 3rd, SAFE, throw by RF made to third
Batting: RHB Alex Vasquez 0-0: Called Strike
0-1: Swinging Strike
0-2: Ball
1-2: Strikes out swinging
Top of the 4th over - 0 runs, 2 hits, 0 errors, 2 left on base; Richmond 3 - New Hampshire 0
BOTTOM OF THE 4TH
New Hampshire Fisher Cats batting - Pitching for Richmond Flying Squirrels : RHP Joe Novinger
Batting: LHB Dan Richins 0-0: Ball
1-0: Ball
2-0: Foul Ball, location: 7LDF
2-1: Foul Ball, location: 2F
2-2: Fly out, F8 (Line Drive, 8LM, EV 86.9 MPH)
Batting: RHB Walt Baranyi 0-0: Called Strike
0-1: Swinging Strike
0-2: Foul Ball, location: 5SF
0-2: Ball
1-2: Ground out 6-3 (Groundball, 56, EV 95.6 MPH)
Batting: LHB Kevin Winter 0-0: Foul Ball, location: 7LSF
0-1: Ball
1-1: Fly out, F9 (Flyball, 9D, EV 100.0 MPH)
Bottom of the 4th over - 0 runs, 0 hits, 0 errors, 0 left on base; Richmond 3 - New Hampshire 0
TOP OF THE 5TH
Richmond Flying Squirrels batting - Pitching for New Hampshire Fisher Cats : LHP Fernando Iglesias
Batting: RHB Brendan Morris 0-0: Called Strike
0-1: Foul Ball, location: 5FF
0-2: Ball
1-2: Fly out, F4 (Popup, 4M, EV 70.0 MPH)
Batting: RHB Dusty Sorenson 0-0: Ball
1-0: Ground out 6-3 (Groundball, 6M, EV 106.3 MPH)
Batting: LHB Marcos Iniguez 0-0: DOUBLE (Line Drive, 8LXD, EV 110.0 MPH)
Batting: LHB Josh Layne 0-0: Ball
1-0: Called Strike
1-1: Fly out, F2 (Popup, 25F, EV 81.3 MPH)
Top of the 5th over - 0 runs, 1 hit, 0 errors, 1 left on base; Richmond 3 - New Hampshire 0
BOTTOM OF THE 5TH
New Hampshire Fisher Cats batting - Pitching for Richmond Flying Squirrels : RHP Joe Novinger
Batting: RHB Justin Marquez 0-0: Ball
1-0: Fly out, F8 (Line Drive, 8LM, EV 90.0 MPH)
Batting: RHB Nick Stafford 0-0: Ground out 4-3 (Groundball, 4, EV 93.1 MPH)
Batting: SHB Jasper Raucci 0-0: Ball
1-0: Called Strike
1-1: Ball
2-1: SINGLE (Groundball, 56D, EV 104.4 MPH)
Batting: LHB Josh Rose 0-0: Called Strike
0-1: Fly out, F7 (Flyball, 78S, EV 92.5 MPH)
Bottom of the 5th over - 0 runs, 1 hit, 0 errors, 1 left on base; Richmond 3 - New Hampshire 0
TOP OF THE 6TH
Richmond Flying Squirrels batting - Pitching for New Hampshire Fisher Cats : LHP Fernando Iglesias
Batting: RHB Craig Knopp 0-0: Ball
1-0: Ground out 1-3 (Groundball, 15S, EV 63.8 MPH)
Batting: LHB Eric Binder 0-0: Ball
1-0: Ball
2-0: Foul Ball, location: 2F
2-1: Foul Ball, location: 9LMF
2-2: Foul Ball, location: 25FF
2-2: Foul Ball, location: 25F
2-2: Ball
3-2: Foul Ball, location: 2LF
3-2: Base on Balls
Pitching: RHP Kevin Grubb
Batting: RHB Kevin Berry 0-0: Fly out, F8 (Line Drive, 8LM, EV 98.1 MPH)
Batting: LHB Sergio Bravo 0-0: Ball
1-0: Ball
2-0: Called Strike
2-1: Ball
3-1: Called Strike
3-2: Strikes out swinging
Top of the 6th over - 0 runs, 0 hits, 0 errors, 1 left on base; Richmond 3 - New Hampshire 0
BOTTOM OF THE 6TH
New Hampshire Fisher Cats batting - Pitching for Richmond Flying Squirrels : RHP Joe Novinger
Batting: LHB Bill Goss 0-0: Fly out, F8 (Line Drive, 8RM, EV 88.8 MPH)
Batting: RHB Jim Unknown 0-0: Called Strike
0-1: Called Strike
0-2: Foul Ball, location: 5FF
0-2: Strikes out swinging
Batting: LHB Dan Richins 0-0: Ground out 6-3 (Groundball, 6M, EV 86.3 MPH)
Bottom of the 6th over - 0 runs, 0 hits, 0 errors, 0 left on base; Richmond 3 - New Hampshire 0
TOP OF THE 7TH
Richmond Flying Squirrels batting - Pitching for New Hampshire Fisher Cats : RHP Kevin Grubb
Batting: RHB Alex Vasquez 0-0: Ball
1-0: Called Strike
1-1: Ball
2-1: Ball
3-1: Called Strike
3-2: Base on Balls
Batting: RHB Brendan Morris 0-0: Ball
1-0: Ball
2-0: Called Strike
2-1: Foul Ball, location: 2F
2-2: Foul Ball, location: 7LDF
2-2: Strikes out swinging
Batting: RHB Dusty Sorenson 0-0: Foul Ball, location: 25FF
0-1: SINGLE (Groundball, 56S, EV 71.3 MPH) (infield hit)
Alex Vasquez to second
Batting: LHB Marcos Iniguez 0-0: SINGLE (Flyball, 34D, EV 88.8 MPH)
Alex Vasquez to third
Dusty Sorenson to second
Batting: LHB Josh Layne 0-0: Called Strike
0-1: Ball
1-1: Called Strike
1-2: Ball
2-2: Foul Ball, location: 2F
2-2: Fly out, F7 (Line Drive, 7, EV 95.0 MPH)
Runner from 3rd tags up, SCORES, throw by LF
Dusty Sorenson to third
Batting: RHB Craig Knopp 0-0: SINGLE (Line Drive, 6MD, EV 96.9 MPH)
Dusty Sorenson scores
Marcos Iniguez to second
Batting: LHB Eric Binder 0-0: Foul Ball, location: 2F
0-1: Called Strike
0-2: Ball
1-2: Foul Ball, location: 3F
1-2: Foul Ball, location: 2F
1-2: Foul Ball, location: 23FF
1-2: Ball
Wild Pitch!
Marcos Iniguez to third
Craig Knopp to second
2-2: Strikes out swinging
Top of the 7th over - 2 runs, 3 hits, 0 errors, 2 left on base; Richmond 5 - New Hampshire 0
BOTTOM OF THE 7TH
New Hampshire Fisher Cats batting - Pitching for Richmond Flying Squirrels : RHP Joe Novinger
Batting: RHB Walt Baranyi 0-0: Ball
1-0: Called Strike
1-1: SINGLE (Flyball, 8RS, EV 95.0 MPH)
Batting: LHB Kevin Winter 0-0: Called Strike
Walt Baranyi is caught stealing 2nd base 2-6
0-1: SINGLE (Line Drive, 6MD, EV 98.1 MPH)
Batting: RHB Justin Marquez 0-0: Ball
Kevin Winter steals 2nd base
1-0: Foul Ball, location: 23F
1-1: Ground out 6-3 (Groundball, 6, EV 81.9 MPH)
Pitching: LHP Max Camarena
Batting: RHB Nick Stafford 0-0: Ball
1-0: Ball
2-0: Called Strike
2-1: Ball
3-1: Base on Balls
Batting: SHB Jasper Raucci 0-0: Ball
Wild Pitch!
Kevin Winter to third
Nick Stafford to second
1-0: Ball
2-0: Swinging Strike
2-1: Foul Ball, location: 7LMF
2-2: Ball
3-2: SINGLE (Groundball, 6MD, EV 108.8 MPH)
Kevin Winter scores
Nick Stafford to third
Runner from 3rd tries for Home, SAFE, throw by CF to home
Batting: LHB Josh Rose 0-0: Ball
1-0: Called Strike
1-1: Called Strike
1-2: Foul Ball, location: 5F
1-2: Foul Ball, location: 7LSF
1-2: Ball
2-2: Ground out 1-3 (Groundball, 15S, EV 66.9 MPH)
Bottom of the 7th over - 2 runs, 3 hits, 0 errors, 1 left on base; Richmond 5 - New Hampshire 2
TOP OF THE 8TH
Richmond Flying Squirrels batting - Pitching for New Hampshire Fisher Cats : RHP Kevin Grubb
Pitching: RHP Francisco del Carpio
Batting: RHB Kevin Berry 0-0: Called Strike
0-1: Ground out 6-3 (Groundball, 6, EV 88.8 MPH)
Batting: LHB Sergio Bravo 0-0: Ball
1-0: Ball
2-0: Ball
3-0: Called Strike
3-1: Foul Ball, location: 9LDF
3-2: Base on Balls
Batting: RHB Alex Vasquez 0-0: Fly out, F8 (Flyball, 8RM, EV 87.5 MPH)
Batting: RHB Brendan Morris 0-0: Called Strike
0-1: Foul Ball, location: 2F
0-2: Ball
1-2: Fly out, F8 (Flyball, 8LD, EV 98.1 MPH)
Top of the 8th over - 0 runs, 0 hits, 0 errors, 1 left on base; Richmond 5 - New Hampshire 2
BOTTOM OF THE 8TH
New Hampshire Fisher Cats batting - Pitching for Richmond Flying Squirrels : LHP Max Camarena
Batting: LHB Bill Goss 0-0: Ball
1-0: Ball
2-0: Foul Ball, location: 7LMF
2-1: Foul Ball, location: 7LMF
2-2: Fly out, F7 (Flyball, 78M, EV 96.3 MPH)
Batting: RHB Jim Unknown 0-0: Ball
1-0: Swinging Strike
1-1: Foul Ball, location: 2F
1-2: Foul Ball, location: 2F
1-2: Strikes out looking
Batting: LHB Dan Richins 0-0: Ball
1-0: Called Strike
1-1: SINGLE (Line Drive, 89S, EV 93.1 MPH)
Batting: RHB Walt Baranyi 0-0: DOUBLE (Flyball, 8LXD, EV 110.6 MPH)
Dan Richins to third
Pitching: RHP Charlie Fleet
Batting: LHB Kevin Winter 0-0: Called Strike
0-1: Swinging Strike
0-2: Foul Ball, location: 3F
0-2: Foul Ball, location: 25F
0-2: Ball
1-2: Ground out 6-3 (Groundball, 56, EV 81.3 MPH)
Bottom of the 8th over - 0 runs, 2 hits, 0 errors, 2 left on base; Richmond 5 - New Hampshire 2
TOP OF THE 9TH
Richmond Flying Squirrels batting - Pitching for New Hampshire Fisher Cats : RHP Francisco del Carpio
Batting: RHB Dusty Sorenson 0-0: Ball
1-0: Foul Ball, location: 3DF
1-1: Ground out U3 (Groundball, 34S, EV 88.8 MPH)
Batting: LHB Marcos Iniguez 0-0: Called Strike
0-1: Swinging Strike
0-2: Strikes out swinging
Batting: LHB Josh Layne 0-0: Foul Ball, location: 7LMF
0-1: Ball
1-1: Called Strike
1-2: Strikes out looking
Top of the 9th over - 0 runs, 0 hits, 0 errors, 0 left on base; Richmond 5 - New Hampshire 2
BOTTOM OF THE 9TH
New Hampshire Fisher Cats batting - Pitching for Richmond Flying Squirrels : RHP Charlie Fleet
Batting: RHB Justin Marquez 0-0: Ball
1-0: Ball
2-0: Ball
3-0: Base on Balls
Batting: RHB Nick Stafford 0-0: Called Strike
0-1: Foul Ball, location: 5SF
0-2: Foul Ball, location: 3DF
0-2: Ball
1-2: Ball
2-2: Foul Ball, location: 2F
2-2: Ball
3-2: Fielders Choice at 2nd, 4-6 (Groundball, 34S, EV 85.0 MPH)
Batting: SHB Jasper Raucci 0-0: Ball
1-0: Ground out 4-3 (Groundball, 34S, EV 90.0 MPH)
Nick Stafford to second
Batting: LHB Josh Rose 0-0: Called Strike
0-1: Called Strike
0-2: SINGLE (Line Drive, 6D, EV 97.5 MPH)
Nick Stafford to third
Batting: LHB Bill Goss 0-0: Ball
1-0: Called Strike
1-1: Ball
2-1: Called Strike
2-2: Ball
3-2: Strikes out swinging
Bottom of the 9th over - 0 runs, 1 hit, 0 errors, 2 left on base; Richmond 5 - New Hampshire 2
Sunday, April 14th , 2024 - OOTP Baseball 24.11 Build 85